 Dungeon Crawl Stone Soup version 0.30-a0-329-g85436e0a43 (webtiles) character file.

Game seed: 8457767854531523960

1775 purpskrrrp the Covert (level 9, -1/73 HPs)
             Began as a Naga Hunter on Oct 28, 2022.
             Slain by an orc warrior
             ... wielding a +4 long sword
              (3 damage)
             ... on level 6 of the Dungeon.
             The game lasted 00:21:43 (5341 turns).

purpskrrrp the Covert (Naga Hunter)                 Turns: 5341, Time: 00:21:43

Health: -1/73      AC:  5    Str: 14    XL:     9   Next: 7%
Magic:  9/9        EV:  9    Int: 10    God:
Gold:   226        SH:  0    Dex: 18    Spells: 8/8 levels left

rFire   . . .      SeeInvis +    f - +0 arbalest
rCold   + + .      Faith    .    (shield currently unavailable)
rNeg    + . .      Spirit   .    c - +1 leather armour
rPois   +          Reflect  .    (no helmet)
rElec   .          Harm     .    (no cloak)
rCorr   .          Rampage  .    (no gloves)
Will    +....                    (no barding)
Stlth   +++++++...               j - amulet of the acrobat
HPRegen 0.32/turn                e - ring "Cioq" {+Blink rPois rC+ Stlth+}
MPRegen 0.11/turn                l - ring "Ronod" {rC+ rN+ SInv}

@: short of breath, flying, studying Shields, very slow
A: AC +3, large, see invisible, deformed body, poison resistance, slowness 2,
spit poison 2, naga tail 1
a: Breathe Poison Gas, Evoke Blink


You were on level 6 of the Dungeon.
You visited 2 branches of the dungeon, and saw 7 of its levels.
You also visited: Sewer.

You collected 321 gold pieces.
You spent 95 gold pieces at shops.

Inventory:

Hand Weapons
 a - a +0 shortbow
 f - a +0 arbalest (weapon)
 w - a +4 dire flail of holy wrath
Missiles
 v - 2 throwing nets
Armour
 c - a +1 leather armour (worn)
Jewellery
 e - the ring "Cioq" (left hand) {+Blink rPois rC+ Stlth+}
   (You bought it in a shop on level 1 of the Dungeon)

   [ring of poison resistance]

   rC:        It protects you from cold.
   rPois:     It protects you from poison.
   +Blink:    It lets you blink.
   Stlth:     It makes you more stealthy.
 j - an amulet of the acrobat (around neck)
 l - the ring "Ronod" (right hand) {rC+ rN+ SInv}
   (You found it in a sewer)

   [ring of see invisible]

   rC:        It protects you from cold.
   rN:        It protects you from negative energy.
   SInv:      It lets you see invisible.
 u - a ring of fire
 x - a ring of magical power
Wands
 n - a wand of digging (8)
 p - a wand of roots (7)
 y - a wand of flame (3)
 C - a wand of acid (5)
Scrolls
 b - 2 scrolls of immolation
 k - 4 scrolls of torment
 q - a scroll of poison {unknown}
 r - 4 scrolls of teleportation
 B - 2 scrolls of identify
 D - a scroll of magic mapping
 E - a scroll of brand weapon {unknown}
Potions
 d - 3 potions of flight
 g - 2 potions of mutation
 h - 5 potions of might
 i - a potion of attraction {unknown}
 m - a potion of experience {unknown}
 s - a potion of invisibility {unknown}
 t - a potion of lignification {unknown}
 z - a potion of brilliance {unknown}
 A - a potion of curing
 F - a potion of magic {unknown}


   Skills:
 - Level 2.0 Fighting
 + Level 7.0 Ranged Weapons
 - Level 1.6 Dodging
 * Level 14.2 Stealth


You had 8 spell levels left.
You didn't know any spells.
Your spell library contained the following spells:

 Spells                   Type           Power      Damage    Failure   Level
 Ensorcelled Hibernation  Hex/Ice        0%         N/A       58%         2
 Passwall                 Tmut/Erth      0%         N/A       58%         2
 Swiftness                Air            0%         N/A       82%         3


Dungeon Overview and Level Annotations

Branches:
Dungeon (6/15)             Temple (1/1) D:4           Sewer (visited)

Altars:
Dithmenos
Elyvilon
Fedhas
Gozag
Hepliaklqana
Kikubaaqudgha
Makhleb
Nemelex Xobeh
Okawaru
Qazlal
Ru
Sif Muna
Trog
Uskayaw
Vehumet
Wu Jian
Yredelemnul
The Shining One

Shops:
D:1 *   D:4 !   D:5 !(


Innate Abilities, Weirdness & Mutations

Your serpentine skin is tough. (AC +3)
You have supernaturally acute eyesight. (SInv)
Armour fits poorly on your strangely shaped body.
Your system is resistant to poisons. (rPois)
You cover ground very slowly.
You can exhale a cloud of poison.
You have a snake-like lower body.


Message History

As you read the scroll of blinking, it crumbles to dust.
You feel better.
Fire: f) +0 arbalest
Press: ? - help, Shift-Dir - straight line, f - orc warrior
Aim: an orc warrior, wielding a +4 long sword and wearing a +0 plate armour (lightly wounded, 60% to hit)
You shoot a bolt. The bolt barely misses the orc warrior.
Fire: f) +0 arbalest
Press: ? - help, Shift-Dir - straight line, f/p - orc warrior
Aim: an orc warrior, wielding a +4 long sword and wearing a +0 plate armour (lightly wounded, 60% to hit)
You shoot a bolt. The bolt hits the orc warrior.
The orc warrior is moderately wounded.
You have got your breath back.
Aiming: Breathe Poison Gas (4% risk of failure)
Press: ? - help, Shift-Dir - straight line, f/p - orc warrior
Aim: an orc warrior, wielding a +4 long sword and wearing a +0 plate armour (moderately wounded, 59% to hit)
You exhale a blast of poison gas.
The poison gas engulfs the orc warrior.
The orc warrior is poisoned.
The orc warrior is heavily wounded.
The orc warrior is engulfed in poison gas.
The orc warrior looks even sicker.
Fire: f) +0 arbalest
Press: ? - help, Shift-Dir - straight line, f/p - orc warrior
Aim: an orc warrior, wielding a +4 long sword and wearing a +0 plate armour (poison gas, heavily wounded, very poisoned, 60% to hit)
You shoot a bolt.
The bolt hits the orc warrior but does no damage.
The orc warrior is heavily wounded.
The orc warrior is engulfed in poison gas.
The orc warrior looks even sicker.
Fire: f) +0 arbalest
Press: ? - help, Shift-Dir - straight line, f/p - orc warrior
Aim: an orc warrior, wielding a +4 long sword and wearing a +0 plate armour (severely wounded, very poisoned, 60% to hit)
You shoot a bolt. The bolt barely misses the orc warrior.
The orc warrior hits you but does no damage.
The orc warrior hits you with a +4 long sword!
* * * LOW HITPOINT WARNING * * *
It was a potion of flight.
You feel very buoyant.
You fly up into the air.
The orc warrior hits you with a +4 long sword.
You die...

##.....+#)...........#
.##......##............#
.......................###
................†.........
.##.###.###............###
# #...######......## ###.#
#......#### ########...###
#..........
#...........@..#
##..........
#...........o..#
#......†....
#.......°......#
#...........
#.........°°...#
#.......####
#...##..°.°°.###
#.......####
#...#####.####
#..........[ #...#####.#
#......##### #.$.))....#
######## #...#######


You could see an orc warrior (very poisoned).

Vanquished Creatures
  Pikel (D:3)
  Prince Ribbit (D:6)
  Edmund (D:4)
  2 lemures (D:4)
  A kobold brigand (D:4)
  A scorpion (D:6)
  2 bullfrogs (Sewer)
  A necrophage (D:5)
  A howler monkey (D:5)
  3 jellies
  A gnoll bouda (D:4)
  3 orc priests
  2 iguanas
  Jessica (D:2)
  6 gnolls (D:4)
  14 adders
  2 river rats (D:3)
  An ufetubus (D:5)
  2 worms
  4 dart slugs
  8 orcs
  12 ball pythons
  6 bats
  19 endoplasms
  12 giant cockroaches
  5 hobgoblins
  8 kobolds
  13 quokkas
  15 frilled lizards
  7 goblins
  9 rats
  4 bushes (D:4)
168 creatures vanquished.

Vanquished Creatures (others)
  5 plants (D:4)
5 creatures vanquished.

Grand Total: 173 creatures vanquished

Notes
Turn   | Place    | Note
-------+----------+-------------------------------------------
     0 | D:1      | purpskrrrp the Naga Hunter began the quest for the Orb.
     0 | D:1      | Reached XP level 1. HP: 19/19 MP: 1/1
    33 | D:1      | Reached skill level 2 in Stealth
    87 | D:1      | Reached XP level 2. HP: 26/26 MP: 2/2
   164 | D:1      | Reached skill level 3 in Stealth
   419 | D:1      | Reached XP level 3. HP: 17/32 MP: 3/3
   495 | D:1      | Reached skill level 4 in Stealth
   501 | D:1      | Found Xaec's Assorted Antiques.
  1207 | D:2      | Noticed Jessica
  1212 | D:2      | Killed Jessica
  1213 | D:2      | Reached skill level 5 in Stealth
  1213 | D:2      | Reached XP level 4. HP: 25/39 MP: 4/4
  1551 | D:2      | Reached skill level 6 in Stealth
  1559 | D:2      | Reached XP level 5. HP: 45/45 MP: 5/5
  1729 | D:2      | Gained mutation: You can exhale a cloud of poison. [potion
                  | of mutation]
  1768 | D:1      | Bought a faintly glowing copper ring for 95 gold pieces
  1768 | D:1      | Identified the ring "Cioq" {+Blink rPois rC+ Stlth+} (You
                  | bought it in a shop on level 1 of the Dungeon)
  2057 | D:3      | Found a glowing drain.
  2063 | Sewer    | Entered a sewer
  2074 | Sewer    | Reached skill level 7 in Stealth
  2158 | Sewer    | Reached XP level 6. HP: 52/52 MP: 6/6
  2394 | Sewer    | Reached skill level 5 in Ranged Weapons
  2394 | Sewer    | Reached skill level 8 in Stealth
  2510 | Sewer    | Identified the ring "Ronod" {rC+ rN+ SInv}
  3135 | D:4      | Noticed Pikel
  3157 | D:3      | Killed Pikel
  3158 | D:3      | Reached skill level 11 in Stealth
  3158 | D:3      | Reached XP level 7. HP: 29/60 MP: 7/7
  3158 | D:3      | Reached XP level 8. HP: 33/67 MP: 8/8
  3679 | D:4      | Found Tofozyn's Distillery.
  3823 | D:4      | Reached skill level 12 in Stealth
  3923 | D:4      | Noticed Edmund
  3928 | D:4      | Killed Edmund
  3955 | D:4      | Found a staircase to the Ecumenical Temple.
  3977 | D:4      | Found a radiant altar of Vehumet.
  4025 | D:4      | Found a burning altar of Makhleb.
  4190 | Temple   | Entered the Ecumenical Temple
  4391 | D:5      | Entered Level 5 of the Dungeon
  4764 | D:5      | Reached skill level 13 in Stealth
  4786 | D:5      | Found Noutriol's Distillery.
  4864 | D:5      | Found Ditaiw's Weapon Shoppe.
  5183 | D:6      | Identified the +1 robe "Pitut" {*Corrode +Blink rF++
                  | Archmagi}
  5209 | D:6      | Noticed Prince Ribbit
  5219 | D:6      | Killed Prince Ribbit
  5220 | D:6      | Reached skill level 14 in Stealth
  5220 | D:6      | Reached XP level 9. HP: 59/73 MP: 9/9
  5340 | D:6      | HP: 2/73 [orc warrior/+4 long sword (15)]
  5341 | D:6      | Slain by an orc warrior

Illustrated notes

Levels and vault maps discovered:
D:1:      spicycebolla_arrival_xxxplode, layout_basic, serial_shops,
          nicolae_shop_hallway_stairs
D:2:      layout_rooms, uniq_jessica
D:3:      layout_loops_ring, gup_sewer_entry_spiral, minmay_stone_trees_small
D:4:      layout_loops_ring, kennysheep_mini_moat, vehumet_altar_wand_db,
          minmay_temple_entry_purple_smoke, serial_shops, shop,
          lexackson_kobold_supper, uniq_edmund, uniq_pikel
D:5:      layout_loops_ring, serial_shops, nicolae_shop_advertising_works
          [nicolae_subvault_shop_adworks], nicolae_shop_trees,
          serial_bayou_lake_a
D:6:      layout_basic, uniq_prince_ribbit1
Temple:   nicolae_temple_superstar

Skill      XL: |  1  2  3  4  5  6  7  8 |
---------------+-------------------------+-----
Stealth        | 2 3 5 6 7 11 14 | 14.2
Ranged Weapons | 4 5 7 |  7.0
Fighting       | |  2.0
Dodging        | |  1.6

Action                   |  1- 3 |  4- 6 |  7- 9 || total
-------------------------+-------+-------+-------++-------
 Fire: Shortbow          |   118 |       |       ||   118
       Arbalest          |       |   187 |   193 ||   380
 Abil: Spit Poison       |     3 |       |       ||     3
       Breathe Poison Ga |       |    16 |     8 ||    24
       Evoke Blink       |       |     1 |       ||     1
  Use: Scroll            |     6 |     3 |     1 ||    10
       Potion            |     3 |     2 |     2 ||     7
Armor: Leather armour    |    16 |    32 |    16 ||    64
Dodge: Dodged            |    50 |    72 |    39 ||   161

Table legend: (Time is in decaauts)
 A = Elapsed time spent in this place.
 B = Non-inter-level travel time spent in this place.
 C = Inter-level travel time spent in this place.
 D = Time resting spent in this place.
 E = Time spent auto-exploring this place.
 F = Levels seen in this place.
 G = Mean time per level.
                   A        B        C        D        E       F      G
               +--------+--------+--------+--------+--------+-----+--------+
         Total |   7404 |   6902 |    502 |    501 |   4392 |   8 |  925.5 |
       Dungeon |   6367 |   5865 |    502 |    373 |   4254 |   6 | 1061.2 |
        Temple |    253 |    253 |      0 |      0 |    102 |   1 |  253.0 |
         Sewer |    783 |    783 |      0 |    128 |     35 |   1 |  783.0 |
               +--------+--------+--------+--------+--------+-----+--------+

Top non-repeatable levels by time:
     D:3: 1348 daAuts
     D:1: 1264 daAuts
     D:4: 1247 daAuts
     D:2: 1171 daAuts
     D:5: 973 daAuts
   Sewer: 783 daAuts
     D:6: 362 daAuts
  Temple: 253 daAuts
